 Dungeon Crawl Stone Soup version 0.30-a0-939-gc8157cb160 (webtiles) character file.

Game seed: 4436322304724476892

74 Mesmaeker13 the Stinger (level 4, -3/27 HPs)
             Began as an Octopode Venom Mage on Mar 25, 2023.
             Slain by an orc priest
             ... wielding a +0 club
              (4 damage)
             ... on level 3 of the Dungeon.
             The game lasted 00:03:17 (2213 turns).

Mesmaeker13 the Stinger (Octopode Venom Mage)       Turns: 2213, Time: 00:03:18

Health: -3/27      AC:  1    Str:  7    XL:     4   Next: 28%
Magic:  9/16       EV: 13    Int: 19    God:
Gold:   92         SH:  0    Dex: 12    Spells: 3/7 levels left

rFire   + . .      SeeInvis .    k - +1 dagger (speed)
rCold   x . .      Faith    .    (no shield)
rNeg    . . .      Spirit   .    (helmet restricted)
rPois   .          Reflect  .    (no amulet)
rElec   .          Rampage  .    h - ring of magical power
rCorr   .                        j - ring of fire
Will    .....                    (no ring)
Stlth   +++                      (no ring)
HPRegen 0.24/turn                (no ring)
MPRegen 0.15/turn                (no ring)
                                 (no ring)
                                 (no ring)

@: no status effects
A: almost no armour, amphibious, 8 rings, camouflage 1, gelatinous body 1,
(nimble swimmer 1), tentacles
a: no special abilities


You were on level 3 of the Dungeon.
You visited 1 branch of the dungeon, and saw 3 of its levels.

You collected 92 gold pieces.

Inventory:

Hand Weapons
 f - a +0 long sword
 k - a +1 dagger of speed (weapon)
 u - a +0 spear
Magical Staves
 l - a staff of cold
Jewellery
 h - a ring of magical power (left tentacle)
 j - a ring of fire (right tentacle)
Wands
 v - a wand of polymorph (13)
Scrolls
 b - a scroll of enchant armour
 d - 2 scrolls of noise
 e - 2 scrolls of teleportation {unknown}
 i - a scroll of vulnerability
 m - a scroll of blinking {unknown}
 o - a scroll of acquirement {unknown}
 q - a scroll of fear {unknown}
 r - a scroll of magic mapping {unknown}
Potions
 a - 2 potions of magic
 c - a potion of berserk rage
 g - 2 potions of might {unknown}
 n - a potion of brilliance {unknown}
 p - a potion of cancellation {unknown}
 s - a potion of flight {unknown}
 t - a potion of heal wounds {unknown}


   Skills:
 + Level 2.6 Dodging
 + Level 3.8 Stealth
 - Level 2.0 Spellcasting
 + Level 2.0 Transmutations
 + Level 0.9 Air Magic
 + Level 4.3 Poison Magic


You had 3 spell levels left.
You knew the following spells:

 Your Spells              Type           Power      Damage    Failure   Level
a - Sting                 Tmut/Pois      52%        1d5       4%          1
b - Mephitic Cloud        Conj/Pois/Air  8%         N/A       24%         3

Your spell library contained the following spells:

 Spells                   Type           Power      Damage    Failure   Level
 Poisonous Vapours        Pois/Air       22%        N/A       9%          2
 Olgreb's Toxic Radiance  Pois           18%        N/A       28%         4


Dungeon Overview and Level Annotations

Branches:
Dungeon (3/15)

Altars:


Innate Abilities, Weirdness & Mutations

You cannot wear most types of armour.
You are amphibious.
You can wear up to eight rings at the same time.
Your skin changes colour to match your surroundings (Stealth+).
Your rubbery body absorbs attacks. (AC +1, EV +1)
((You are camouflaged when in or above water. (Stealth+)))
You have tentacles for arms and can constrict up to eight enemies at once.


Message History

You hit the orc but do no damage.
The orc is heavily wounded.
You constrict the orc, but do no damage.
You hit the orc. You squeeze the orc, but do no damage.
The orc is almost dead.
You constrict the orc.
You kill the orc!
Casting: Sting (safe; 4% risk of failure)
Confirm with . or Enter, or press ? or * to list all spells.
Aiming: Sting (safe; 4% risk of failure)
Press: ? - help, Shift-Dir - straight line, f - orc priest
Aim: an orc priest, wielding a +0 club and wearing a +0 scale mail (75% to hit)
The sting misses the orc priest.
The orc priest hits you with a +0 club.
Casting: Sting (safe; 4% risk of failure)
Confirm with . or Enter, or press ? or * to list all spells.
Aiming: Sting (safe; 4% risk of failure)
Press: ? - help, Shift-Dir - straight line, f/p - orc priest
Aim: an orc priest, wielding a +0 club and wearing a +0 scale mail (75% to hit)
The sting hits the orc priest but does no damage.
The orc priest is poisoned.
The orc priest barely misses you.
Casting: Sting (safe; 4% risk of failure)
Confirm with . or Enter, or press ? or * to list all spells.
Aiming: Sting (safe; 4% risk of failure)
Press: ? - help, Shift-Dir - straight line, f/p - orc priest
Aim: an orc priest, wielding a +0 club and wearing a +0 scale mail (lightly wounded, poisoned, 75% to hit)
The sting hits the orc priest but does no damage.
The orc priest looks even sicker.
The orc priest is lightly wounded.
The orc priest calls down the wrath of Beogh upon you.
Pain shoots through your body!
* * * LOW HITPOINT WARNING * * *
Casting: Sting (safe; 4% risk of failure)
Confirm with . or Enter, or press ? or * to list all spells.
Aiming: Sting (safe; 4% risk of failure)
Press: ? - help, Shift-Dir - straight line, f/p - orc priest
Aim: an orc priest, wielding a +0 club and wearing a +0 scale mail (lightly wounded, very poisoned, 75% to hit)
The sting hits the orc priest.
The orc priest looks even sicker.
The orc priest is moderately wounded.
The orc priest hits you with a +0 club.
You die...

......#. ###..>..
###....########
#......##....[+
#.####.>..##.###
.......#####...##
.####### ###..#
.# ##.## .## #.@+
..# #o## #.# #..#
#.# ##.# #.# .#
#.# .o ..# ##.
### #


You could see an orc priest (very poisoned).

Vanquished Creatures
  2 adders
  3 dart slugs
  5 orcs (D:3)
  2 endoplasms
  2 giant cockroaches
  6 hobgoblins
  A quokka (D:2)
  4 ball pythons
  6 bats
  3 frilled lizards (D:1)
  3 goblins (D:1)
  3 kobolds
  4 rats
44 creatures vanquished.

Notes
Turn   | Place    | Note
-------+----------+-------------------------------------------
     0 | D:1      | Mesmaeker13 the Octopode Venom Mage began the quest for the
                  | Orb.
     0 | D:1      | Reached XP level 1. HP: 11/11 MP: 3/3
   180 | D:1      | Reached XP level 2. HP: 17/17 MP: 1/5
   695 | D:2      | Reached skill level 4 in Poison Magic
   698 | D:2      | Reached XP level 3. HP: 21/21 MP: 6/6
   754 | D:2      | Learned a level 3 spell: Mephitic Cloud
  1752 | D:3      | Reached XP level 4. HP: 20/27 MP: 7/7
  2212 | D:3      | HP: 1/27 [orc priest/nerve-wracking pain (13)]
  2213 | D:3      | Slain by an orc priest

Illustrated notes

Levels and vault maps discovered:
D:1:      dpeg_arrival_rooms_with_view, layout_rooms, kennysheep_flooded_box,
          minivault_26
D:2:      layout_basic, minmay_tetromino_s4
D:3:      layout_rooms, serial_aquarium, aquarium_bridge_straight
          [aquarium_subvault_bridge, aquarium_subvault_wall,
          aquarium_subvault_bridge, aquarium_subvault_balcony],
          aquarium_window_corner, aquarium_window_1, aquarium_window_fake,
          aquarium_window_3, aquarium_view_2e, nicolae_hexahallways,
          serial_bayou_pond_e

Skill      XL: |  1  2  3  4 |
---------------+-------------+-----
Stealth        | 3 |  3.8
Poison Magic   | 4 |  4.3
Transmutations | 2 |  2.0
Dodging        | |  2.6
Spellcasting   | |  2.0
Air Magic      | |  0.9

Action                     |  1- 3 |  4- 6 || total
---------------------------+-------+-------++-------
  Melee: Dagger            |    33 |    15 ||    48
         Unarmed           |     2 |       ||     2
         Constrict         |    10 |     4 ||    14
         Tentacles         |     5 |     4 ||     9
         Punch             |     1 |       ||     1
   Cast: Sting             |    66 |    12 ||    78
    Use: Scroll            |     4 |       ||     4
 Armour: Skin              |     7 |       ||     7
  Dodge: Dodged            |    36 |     9 ||    45

Table legend: (Time is in decaauts)
 A = Elapsed time spent in this place.
 B = Non-inter-level travel time spent in this place.
 C = Inter-level travel time spent in this place.
 D = Time resting spent in this place.
 E = Time spent auto-exploring this place.
 F = Levels seen in this place.
 G = Mean time per level.
                   A        B        C        D        E       F      G
               +--------+--------+--------+--------+--------+-----+--------+
         Total |   2198 |   2093 |    105 |    224 |   1507 |   3 |  732.7 |
       Dungeon |   2198 |   2093 |    105 |    224 |   1507 |   3 |  732.7 |
               +--------+--------+--------+--------+--------+-----+--------+

Top non-repeatable levels by time:
     D:2: 941 daAuts
     D:1: 666 daAuts
     D:3: 591 daAuts
